 Dungeon Crawl Stone Soup version 0.21.1-1-g345015f (webtiles) character file.

0 glosham the Skirmisher (level 1, -1/18 (19) HPs)
             Began as a Ghoul Abyssal Knight on June 6, 2018.
             Was a Follower of Lugonu.
             Slain by a demonic crawler (11 damage)
             ... on level 2 of the Abyss.
             The game lasted 00:04:32 (189 turns).

glosham the Skirmisher (Ghoul Abyssal Knight)        Turns: 189, Time: 00:04:33

HP:   -1/18 (19)    AC:  3    Str: 15    XL:     1   Next: 0%
MP:   1/1           EV: 16    Int:  7    God:    Lugonu [*.....]
Gold: 91            SH:  0    Dex: 13    Spells: 0/0 levels left

rFire    . . .     SeeInvis .     - Unarmed
rCold    + . .     Gourm    .   (no shield)
rNeg     + + +     Faith    .   a - +0 leather armour
rPois    ∞         Spirit   .   (no helmet)
rElec    .         Reflect  .   (no cloak)
rCorr    .         Harm     .   (no gloves)
MR       .....                  (no boots)
Stlth    ++........             (no amulet)
HPRegen  0.00/turn              (no ring)
MPRegen  0.07/turn              (no ring)

@: agile, rotting
A: rotting body, claws 1, carnivore, cold resistance 1, negative energy
resistance 3, inhibited regeneration, torment resistance, unbreathing
a: Depart the Abyss, Renounce Religion


You were on level 2 of the Abyss.
You worshipped Lugonu.
Lugonu was aware of your devotion.
You were not hungry.

You visited 0 branches of the dungeon, and saw 0 of its levels.
You visited the Abyss 1 time.

You collected 91 gold pieces.

Inventory:

Missiles
 c - 5 curare-tipped needles
Armour
 a - a +0 leather armour (worn)
Comestibles
 b - 2 rations


   Skills:
 - Level 3.2 Fighting
 - Level 1.7 Armour
 - Level 0.8 Dodging
 * Level 0.0 Stealth
 - Level 2.1 Unarmed Combat
 - Level 2.0 Invocations


You couldn't memorise any spells.
You didn't know any spells.

Dungeon Overview and Level Annotations

Branches:
Dungeon (0/15)

Altars:


Innate Abilities, Weirdness & Mutations

Your body is rotting away.
You thrive on raw meat.
You are immune to poison.
You have sharp fingernails.
You are carnivorous and can eat meat at any time.
Your flesh is cold resistant. (rC+)
You are immune to negative energy. (rN+++)
You do not regenerate when monsters are visible.
You are immune to unholy pain and torment.
You can survive without breathing.


Message History

A tentacled starspawn comes into view.
A tentacle flies out from the starspawn's body!
A starspawn tentacle comes into view.
A starspawn tentacle comes into view.
Tentacles burst from the starspawn's body! 2 starspawn tentacles come into view.
The starspawn tentacle grabs you. The starspawn tentacle constricts you.
You escape the starspawn tentacle's grasp.
You see here a scroll labeled ZYSE VATHUI.
As you read the scroll labeled ZYSE VATHUI, it crumbles to dust.
You feel strangely unstable.
You feel the power of the Abyss delaying your translocation!
It was a scroll of teleportation.
Tentacles burst from the starspawn's body! 2 starspawn tentacles come into view.
The starspawn tentacle grabs you. The starspawn tentacle constricts you.
The starspawn tentacle loses its grip on you.
The tentacle pulls you backwards! The starspawn tentacle grabs you.
The starspawn tentacle constricts you.
A starspawn tentacle segment comes into view.
Unknown command.
You escape the starspawn tentacle's grasp.
Found a gateway leading out of the Abyss.
You are suddenly pulled into a different region of the Abyss!
Found a hide-covered altar of Uskayaw.
You feel your flesh rotting away.
Found a brown potion.
You see here a brown potion.
It was a potion of agility.
You feel agile all of a sudden.
A blizzard demon comes into view.
The blizzard demon moves out of view.
A demonic crawler comes into view.
The demonic crawler gives a hideous shriek!
A wretched star comes into view.
The demonic crawler misses you.
The demonic crawler hits you but does no damage.
The demonic crawler hits you!
Ouch! That really hurt!
You die...

. . ###. #..## ##
...# #.###..
#.....### #.#...#
.# ## #####
#..@..# #. # ..
#.###...s.# .#
#.##.#.....#.#.#
.###.##
.#...#.#..#
..#....
...#.#......#
#.#.
##......#.#....#
. .
..#...###.#..#...
..#..##..#.#
#.#....... . .#
..### ....#..##.#


You could see a demonic crawler.

Vanquished Creatures (others)
  10 starspawn tentacles (Abyss:2)
10 creatures vanquished.

Notes
Turn   | Place    | Note
-------+----------+-------------------------------------------
     0 | Abyss:1  | glosham the Ghoul Abyssal Knight began the quest for the Orb.
     0 | Abyss:1  | Reached XP level 1. HP: 19/19 MP: 1/1
    24 | Abyss:2  | Found a corrupted altar of Lugonu.
    39 | Abyss:2  | Noticed a crimson imp
    72 | Abyss:2  | Noticed a rakshasa
    87 | Abyss:2  | Noticed a tentacled starspawn
   103 | Abyss:2  | Noticed a starcursed mass
   113 | Abyss:2  | Noticed a tentacled starspawn
   144 | Abyss:2  | Found a hide-covered altar of Uskayaw.
   165 | Abyss:2  | Noticed a blizzard demon
   182 | Abyss:2  | Noticed a demonic crawler
   187 | Abyss:2  | Noticed a wretched star
   189 | Abyss:2  | Slain by a demonic crawler

Action                   || total
-------------------------++-------
  Use: Scroll            ||     1
       Potion            ||     1
Armor: Leather armour    ||     1
Dodge: Dodged            ||     1

Table legend:
 A = Turns spent in this place as a percentage of turns spent in the entire game.
 B = Non-inter-level travel turns spent in this place as a percentage of non-inter-level travel turns spent in the entire game.
 C = Inter-level travel turns spent in this place as a percentage of turns spent in this place.
 D = Turns resting spent in this place as a percentage of non-inter-level travel turns spent in this place.
 E = Turns spent auto-exploring this place as a percentage of non-inter-level travel turns spent in this place.
 F = Non-inter-level travel turns spent in this place divided by the number of levels of this place that you've seen.
                   A       B       C       D       E      F
               +-------+-------+-------+-------+-------+----------------------
         Total | 100.0 | 100.0 |   0.0 |   0.0 |   0.0 |  94.5
         Abyss | 100.0 | 100.0 |   0.0 |   0.0 |   0.0 |  94.5
               +-------+-------+-------+-------+-------+----------------------

Vault maps used:
Abyss:2:  minivault_22, guppyfry_abyss_exit_imp_island
